 Dungeon Crawl Stone Soup version 0.30.0-10-gfe55d96785 (webtiles) character file.

Game seed: 7345613731356916560

2287 SeerSkye the Thaumaturge (level 9, -10/63 HPs)
             Began as a Gnoll Wanderer on May 13, 2023.
             Was a Follower of Hepliaklqana.
             Mangled by an orc warrior
             ... wielding a +1 heavy war axe
              (15 damage)
             ... on level 6 of the Dungeon.
             The game lasted 00:19:43 (5364 turns).

SeerSkye the Thaumaturge (Gnoll Wanderer)           Turns: 5364, Time: 00:19:44

Health: -10/63     AC:  6    Str:  8    XL:     9   Next: 39%
Magic:  3/21       EV: 12    Int: 11    God:    Hepliaklqana [*.....]
Gold:   266        SH:  5    Dex: 15    Spells: 17/25 levels left

rFire   . . .        a - +1 short sword (elec)
rCold   . . .        e - +0 buckler
rNeg    . . .        u - +1 leather armour of the Tundras {rPois Will+ Str-5 Slay+2}
rPois   +            (no helmet)
rElec   .            G - +0 cloak {rCorr}
rCorr   +            (no gloves)
SInv    .            (no boots)
Will    ++...        p - amulet of the acrobat
Stlth   ++           J - ring of wizardry
HPRegen 0.30/turn    E - ring of willpower
MPRegen 0.17/turn

%: acrobat, wizardry (x1)
@: very slightly contaminated
A: reduced essence, fangs 1, strong nose, distributed training
a: Renounce Religion, Recall Ancestor, Ancestor Identity


You were on level 6 of the Dungeon.
You worshipped Hepliaklqana.
Hepliaklqana was aware of your devotion.
You visited 1 branch of the dungeon, and saw 6 of its levels.

You collected 266 gold pieces.

Inventory:

Hand Weapons
 a - a +1 short sword of electrocution (weapon)
 b - a +0 sling
 d - a +5 dire flail of holy wrath
 I - a +0 flail of venom
Missiles
 x - 2 poisoned darts
 D - a boomerang (quivered)
Armour
 c - a +0 scale mail
 e - a +0 buckler (worn)
 f - a +0 leather armour
 u - the +1 leather armour of the Tundras (worn) {rPois Will+ Str-5 Slay+2}
   (You found it on level 2 of the Dungeon)

   Str:       It affects your strength (-5).
   Slay:      It affects your accuracy & damage with ranged weapons and melee
   (+2).
   rPois:     It protects you from poison.
   Will:      It increases your willpower.
 G - a +0 cloak of preservation (worn)
Jewellery
 p - an amulet of the acrobat (around neck)
 t - a ring of magical power
 z - a ring of positive energy
 E - a ring of willpower (right hand)
 J - a ring of wizardry (left hand)
 L - an amulet of magic regeneration
Wands
 F - a wand of flame (18)
Scrolls
 g - 3 scrolls of fog
 h - a scroll of amnesia {unknown}
 j - a scroll of blinking {unknown}
 k - 3 scrolls of poison {unknown}
 m - 2 scrolls of magic mapping
 o - a scroll of butterflies {unknown}
 w - a scroll of teleportation
 y - a scroll of immolation {unknown}
 A - a scroll of brand weapon {unknown}
 B - a scroll of identify {unknown}
Potions
 i - 2 potions of haste {unknown}
 l - 2 potions of degeneration {unknown}
 n - 2 potions of curing {@q1}
 q - a potion of heal wounds {unknown}
 r - a potion of invisibility {unknown}
 s - a potion of mutation {unknown}
 v - 5 potions of flight {unknown}
 C - a potion of might
 H - a potion of ambrosia {unknown}
 K - a potion of lignification {unknown}


   Skills:
 + Level 6.4 Fighting
 + Level 4.3 Short Blades
 + Level 4.3 Long Blades
 + Level 4.3 Axes
 + Level 4.3 Maces & Flails
 + Level 4.3 Polearms
 + Level 4.3 Staves
 + Level 4.3 Ranged Weapons
 + Level 4.3 Throwing
 + Level 8.0 Armour
 + Level 4.3 Dodging
 + Level 4.3 Stealth
 + Level 4.3 Shields
 + Level 4.3 Unarmed Combat
 + Level 8.5 Spellcasting
 + Level 3.6 Conjurations
 + Level 3.6 Hexes
 + Level 3.6 Summonings
 + Level 5.3 Necromancy
 + Level 3.6 Translocations
 + Level 3.6 Transmutations
 + Level 3.6 Fire Magic
 + Level 3.6 Ice Magic
 + Level 3.6 Air Magic
 + Level 3.6 Earth Magic
 + Level 3.6 Poison Magic
 + Level 4.8 Invocations
 + Level 4.3 Evocations


You had 17 spell levels left.
You knew the following spells:

 Your Spells              Type           Power      Damage    Failure   Level
a - Kiss of Death         Conj/Necr      56%        2d9       1%          1
b - Sandblast             Erth           24%        2d8       2%          1
c - Necrotise             Necr           64%        1d7       1%          1
d - Apportation           Tloc           24%        N/A       2%          1
e - Summon Small Mammal   Summ           48%        N/A       2%          1
f - Stone Arrow           Conj/Erth      24%        3d8       9%          3

Your spell library contained the following spells:

 Spells                   Type           Power      Damage    Failure   Level
 Animate Dead             Necr           16%        N/A       14%         4
 Anguish                  Hex/Necr       7%         N/A       19%         4


Dungeon Overview and Level Annotations

Branches:
Dungeon (6/15) Zot: 26978
 Temple: D:4-7

Altars:
Gozag
Hepliaklqana
Makhleb
Uskayaw


Innate Abilities, Weirdness & Mutations

Your life essence is reduced to manifest your ancestor. (-10% HP)
You have very sharp teeth.
Your uncanny sense of smell can sniff out nearby items.
Your experience applies equally to all skills.


Message History

You hit the orc warrior but do no damage.
The orc warrior hits you with a +1 heavy war axe!!
* * * LOW HITPOINT WARNING * * *
Casting: Stone Arrow (dangerous; 9% risk of failure)
Confirm with . or Enter, or press ? or * to list all spells.
Aiming: Stone Arrow (dangerous; 9% risk of failure)
Press: ? - help, Shift-Dir - straight line The orc warrior hits you with a +1 heavy war axe!!
* * * LOW HITPOINT WARNING * * *
Casting: Stone Arrow (dangerous; 9% risk of failure)
Confirm with . or Enter, or press ? or * to list all spells.
Aiming: Stone Arrow (dangerous; 9% risk of failure)
Press: ? - help, Shift-Dir - straight line, f - orc warrior
Aim: an orc warrior, wielding a +1 heavy war axe and wearing a +0 plate armour (68% to hit)
You miscast Stone Arrow.
Nothing appears to happen.
Casting: Stone Arrow (dangerous; 9% risk of failure)
Confirm with . or Enter, or press ? or * to list all spells.
You don't have enough magic to cast this spell.
Unknown command.
Casting: Stone Arrow (dangerous; 9% risk of failure)
Confirm with . or Enter, or press ? or * to list all spells.
Okay, then.
You closely miss the orc warrior. You block the orc warrior's attack.
You closely miss the orc warrior.
You bite the orc warrior, but do no damage.
You hit the orc warrior.
Lightning courses through the orc warrior!!
You bite the orc warrior, but do no damage.
The orc warrior is almost dead.
You block the orc warrior's attack.
You closely miss the orc warrior.
The orc warrior is almost dead.
The orc warrior hits you with a +1 heavy war axe!
* * * LOW HITPOINT WARNING * * *
You barely miss the orc warrior.
The orc warrior is almost dead.
You barely miss the orc warrior.
The orc warrior is almost dead.
The orc warrior hits you with a +1 heavy war axe!
You die...

...#+#### . ...
..... ..
......... ... #
#........
....#.#.#......
......#........
......o))......
#...)@.....#
#.#...#####..
#.... ###.## ∆
... ##. # ∆


You could see an orc warrior.

Vanquished Creatures
  Pikel (D:5)
  Sigmund (D:4)
  Edmund (D:5)
  A black bear (D:6)
  Duvessa (D:5)
  A sky beast (D:5)
  3 ogres
  A lemure (D:5)
  A phantom (D:4)
  Blork the orc (D:4)
  3 scorpions
  Dowan (D:5)
  A jelly (D:5)
  A hound (D:5)
  3 orc priests
  Crazy Yiuf (D:5)
  3 iguanas
  A sleepcap (D:5)
  Ijyb (D:4)
  3 orc wizards (D:5)
  6 adders
  7 gnolls
  An ufetubus (D:4)
  A worm (D:2)
  2 dart slugs
  29 orcs
  10 ball pythons
  7 endoplasms
  5 giant cockroaches
  4 goblins
  6 hobgoblins
  5 jackals
  5 quokkas
  8 bats
  3 frilled lizards
  4 kobolds
  2 rats (D:3)
135 creatures vanquished.

Vanquished Creatures (collateral kills)
  An orc (D:4)
  An endoplasm (D:2)
  A ball python (D:2)
3 creatures vanquished.

Vanquished Creatures (others)
  2 ancestors
2 creatures vanquished.

Grand Total: 140 creatures vanquished

Notes
Turn   | Place    | Note
-------+----------+-------------------------------------------
     0 | D:1      | SeerSkye the Gnoll Wanderer began the quest for the Orb.
     0 | D:1      | SeerSkye set off with the following items: a +0 club, a
                  | potion of berserk rage, a +0 scale mail; and the following
                  | spells available to memorise: Kiss of Death, Sandblast,
                  | Animate Dead, Stone Arrow, Anguish.
     0 | D:1      | Reached XP level 1. HP: 20/20 MP: 8/8
    23 | D:1      | Learned a level 1 spell: Kiss of Death
    25 | D:1      | Learned a level 1 spell: Sandblast
   173 | D:1      | Reached XP level 2. HP: 26/26 MP: 10/10
   517 | D:1      | Learned a level 1 spell: Necrotise
   880 | D:2      | Reached XP level 3. HP: 24/24 MP: 11/11
   899 | D:2      | Reached skill level 1 in Invocations
   907 | D:2      | Reached skill level 1 in Short Blades
   907 | D:2      | Reached skill level 1 in Long Blades
   907 | D:2      | Reached skill level 1 in Axes
   907 | D:2      | Reached skill level 1 in Maces & Flails
   907 | D:2      | Reached skill level 1 in Polearms
   907 | D:2      | Reached skill level 1 in Staves
   907 | D:2      | Reached skill level 1 in Ranged Weapons
   907 | D:2      | Reached skill level 1 in Throwing
   907 | D:2      | Reached skill level 1 in Dodging
   907 | D:2      | Reached skill level 1 in Stealth
   907 | D:2      | Reached skill level 1 in Shields
   907 | D:2      | Reached skill level 1 in Unarmed Combat
   907 | D:2      | Reached skill level 1 in Evocations
  1193 | D:2      | Reached XP level 4. HP: 33/37 MP: 13/13
  1228 | D:2      | Identified the +1 leather armour of the Tundras {rPois
                  | Will+ Str-5 Slay+2}
  1345 | D:2      | Reached skill level 1 in Conjurations
  1345 | D:2      | Reached skill level 1 in Hexes
  1345 | D:2      | Reached skill level 1 in Summonings
  1345 | D:2      | Reached skill level 1 in Translocations
  1345 | D:2      | Reached skill level 1 in Transmutations
  1345 | D:2      | Reached skill level 1 in Fire Magic
  1345 | D:2      | Reached skill level 1 in Ice Magic
  1345 | D:2      | Reached skill level 1 in Air Magic
  1345 | D:2      | Reached skill level 1 in Earth Magic
  1345 | D:2      | Reached skill level 1 in Poison Magic
  1606 | D:2      | Found a faded altar of an unknown god.
  1707 | D:3      | Reached XP level 5. HP: 43/43 MP: 14/14
  2464 | D:4      | Noticed Blork the orc
  2478 | D:4      | Killed Blork the orc
  2479 | D:4      | Reached skill level 5 in Fighting
  2479 | D:4      | Reached XP level 6. HP: 14/50 MP: 16/16
  2625 | D:4      | Noticed Ijyb
  2640 | D:4      | Killed Ijyb
  2680 | D:4      | Noticed Sigmund
  2682 | D:4      | Found an opulent altar of Gozag.
  2729 | D:5      | Entered Level 5 of the Dungeon
  2746 | D:5      | Reached XP level 7. HP: 53/56 MP: 18/18
  2844 | D:5      | Found a runed translucent door.
  2847 | D:5      | Noticed Crazy Yiuf
  2854 | D:5      | Killed Crazy Yiuf
  2932 | D:5      | Found a hazy altar of Hepliaklqana.
  2945 | D:5      | Became a worshipper of Hepliaklqana the Forgotten
  3347 | D:5      | Found a hide-covered altar of Uskayaw.
  3347 | D:5      | Found a burning altar of Makhleb.
  3368 | D:5      | Noticed Edmund
  3376 | D:5      | Killed Edmund
  3377 | D:5      | Reached XP level 8. HP: 63/63 MP: 19/19
  3442 | D:5      | Learned a level 1 spell: Apportation
  3444 | D:5      | Learned a level 1 spell: Summon Small Mammal
  3723 | D:5      | Noticed Duvessa
  3861 | D:4      | Killed Sigmund
  4557 | D:4      | Reached * piety under Hepliaklqana
  4617 | D:4      | Reached skill level 5 in Necromancy
  4712 | D:5      | Noticed Dowan
  4721 | D:5      | Killed Duvessa
  4729 | D:5      | Killed Dowan
  4730 | D:5      | Reached XP level 9. HP: 21/62 MP: 18/21
  4870 | D:5      | Learned a level 3 spell: Stone Arrow
  4880 | D:5      | Noticed Pikel
  4898 | D:5      | Killed Pikel
  5364 | D:6      | Mangled by an orc warrior

Illustrated notes

Levels and vault maps discovered:
D:1:      ldierk_walled_garden, layout_loops_ring, minmay_misc_feat_chi
D:2:      layout_rooms, hellmonk_ecumenical_altar_pennies_from_heaven,
          minmay_circled_x
D:3:      layout_loops_ring, kennysheep_generic_room_16
D:4:      layout_loops_ring, mainiacjoe_overflow_cross_hatched,
          uniq_blork_the_orc, uniq_sigmund, uniq_ijyb
D:5:      layout_loops_ring, nicolae_overflow_two_pavilions,
          mainiacjoe_overflow_alcove_2, st_stairs_3, uniq_duvessa, uniq_pikel,
          uniq_crazy_yiuf_cottage, uniq_edmund
D:6:      cheibrodos_fertilizer, layout_basic,
          nicolae_kikubaaqudgha_miasma_corner, minmay_chambers_of_fives,
          uniq_prince_ribbit1

Skill      XL: |  1  2  3  4  5  6  7  8  9 |
---------------+----------------------------+-----
Invocations    | 1 2 3 4 |  4.8
Short Blades   | 1 2 3 4 |  4.3
Long Blades    | 1 2 3 4 |  4.3
Axes           | 1 2 3 4 |  4.3
Maces & Flails | 1 2 3 4 |  4.3
Polearms       | 1 2 3 4 |  4.3
Staves         | 1 2 3 4 |  4.3
Ranged Weapons | 1 2 3 4 |  4.3
Throwing       | 1 2 3 4 |  4.3
Dodging        | 1 2 3 4 |  4.3
Stealth        | 1 2 3 4 |  4.3
Shields        | 1 2 3 4 |  4.3
Unarmed Combat | 1 2 3 4 |  4.3
Evocations     | 1 2 3 4 |  4.3
Conjurations   | 1 2 3 |  3.6
Hexes          | 1 2 3 |  3.6
Summonings     | 1 2 3 |  3.6
Translocations | 1 2 3 |  3.6
Transmutations | 1 2 3 |  3.6
Fire Magic     | 1 2 3 |  3.6
Ice Magic      | 1 2 3 |  3.6
Air Magic      | 1 2 3 |  3.6
Earth Magic    | 1 2 3 |  3.6
Poison Magic   | 1 2 3 |  3.6
Necromancy     | 4 5 |  5.3
Fighting       | 5 6 |  6.4
Armour         | 7 8 |  8.0
Spellcasting   | 8 |  8.5

Action                     |  1- 3 |  4- 6 |  7- 9 || total
---------------------------+-------+-------+-------++-------
  Melee: Short sword       |     7 |    88 |   171 ||   266
         Spear             |     2 |       |       ||     2
         Bite              |       |     5 |    23 ||    28
         Punch             |       |     1 |       ||     1
         Unarmed           |       |     5 |       ||     5
   Fire: Sling             |    73 |     1 |       ||    74
  Throw: Stone             |     3 |       |       ||     3
         Dart              |       |     4 |       ||     4
         Boomerang         |       |       |    23 ||    23
   Cast: Sandblast         |     3 |       |     9 ||    12
         Necrotise         |    26 |    31 |    47 ||   104
         Kiss of Death     |     2 |     1 |       ||     3
         Summon Small Mamm |       |       |     2 ||     2
         Stone Arrow       |       |       |    10 ||    10
 Invoke: Ancestor Identity |       |       |     1 ||     1
    Use: Scroll            |       |     3 |       ||     3
         Potion            |       |       |     2 ||     2
   Stab: Sleeping          |       |       |     3 ||     3
 Armour: Leather armour    |    27 |    19 |    31 ||    77
         Skin              |       |     2 |       ||     2
  Dodge: Dodged            |    71 |    72 |    74 ||   217
  Block: Buckler           |       |     1 |    27 ||    28
